 Dungeon Crawl Stone Soup version 0.26-a0-259-g1effd001a9 (webtiles) character file.

Game seed: 11815644798363556644

91 HoaS the Ruffian (level 4, -1/28 HPs)
             Began as a Gargoyle Gladiator on July 28, 2020.
             Slain by a gnoll
             ... wielding a +0 halberd
              (8 damage)
             ... on level 1 of the Dungeon.
             The game lasted 00:03:22 (1367 turns).

HoaS the Ruffian (Gargoyle Gladiator)               Turns: 1367, Time: 00:03:23

Health: -1/28      AC: 13    Str: 19    XL:     4   Next: 57%
Magic:  4/4        EV:  8    Int:  8    God:
Gold:   112        SH:  0    Dex: 11    Spells: 3/3 levels left

rFire    . . .     SeeInvis .     - Unarmed
rCold    . . .     Faith    .   (no shield)
rNeg     + . .     Spirit   .   g - +0 chain mail
rPois    ∞         Reflect  .   b - +1 helmet
rElec    +         Harm     .   (no cloak)
rCorr    .                      (no gloves)
MR       .....                  (no boots)
Stlth    ..........             (no amulet)
HPRegen  0.09/turn              (no ring)
MPRegen  0.09/turn              (no ring)

@: no status effects
A: negative energy resistance 1, electricity resistance, unbreathing,
petrification resistance, rot immunity, AC +3
a: no special abilities


You were on level 1 of the Dungeon.
You were not hungry.

You visited 1 branch of the dungeon, and saw 2 of its levels.

You collected 112 gold pieces.

Inventory:

Missiles
 c - 3 throwing nets (quivered)
 e - 9 poisoned darts
Armour
 b - a +1 helmet (worn)
 g - a +0 chain mail (worn)
Scrolls
 f - 2 scrolls of teleportation
 m - a scroll of remove curse
Potions
 a - 2 potions of heal wounds
 h - a potion of lignification {unknown}
 j - a potion of curing {unknown}
 k - a potion of resistance {unknown}
 l - a potion of degeneration {unknown}
Comestibles
 d - a ration


   Skills:
 + Level 3.3 Fighting
 - Level 1.7 Throwing
 - Level 2.4 Dodging
 * Level 4.6 Unarmed Combat


You had 3 spell levels left.
You didn't know any spells.
Your spell library was empty.

Dungeon Overview and Level Annotations

Branches:
Dungeon (2/15)

Altars:
Nemelex Xobeh
Zin


Innate Abilities, Weirdness & Mutations

You are resistant to torment.
Your stone body is resilient. (AC +3)
You are immune to poison.
You resist negative energy. (rN+)
You are resistant to electric shocks. (rElec)
You can survive without breathing.
You are immune to petrification.
You are immune to rotting.


Message History

The gnoll is heavily wounded.
You hit the gnoll but do no damage.
The gnoll is heavily wounded.
The gnoll hits you with a +0 halberd.
You completely miss the gnoll.
The gnoll is heavily wounded.
The gnoll hits you with a +0 halberd.
You hit the gnoll but do no damage.
The gnoll is heavily wounded.
The gnoll hits you with a +0 halberd.
* * * LOW HITPOINT WARNING * * *
You hit the gnoll but do no damage.
The gnoll is heavily wounded.
You hit the gnoll.
The gnoll is almost dead.
The gnoll hits you but does no damage.
You hit the gnoll but do no damage.
The gnoll is almost dead.
The gnoll hits you with a +0 halberd!
You die...

................## ##.#.......##
................# #..........##
....##.........## #............
....###.........#####............
#...##..####......#......)..#####
###.##.## ##.#.....#.......# ##.
# #.#..######.#.........#...###..
# #.#.##>..##...............##...
# #............#@†###.......#[...
# ##.#.#.....#^.g..........##....
# #........#..#####......#.#....
#####.#....##.######.....#.......
#.........................#.#....
............#.#####........##....
....#..#........###.#.......#....
....##.##...###.....#...#...##...
....##.##.....####..........###..


You could see a gnoll.

Vanquished Creatures
  3 gnolls (D:2)
  3 adders
  A worm (D:2)
  A leopard gecko (D:2)
  A ball python (D:1)
  5 bats
  4 giant cockroaches
  3 goblins
  2 hobgoblins
  3 jackals (D:1)
  A quokka (D:2)
  A frilled lizard (D:2)
  A kobold (D:2)
  5 rats
34 creatures vanquished.

Notes
Turn   | Place    | Note
-------+----------+-------------------------------------------
     0 | D:1      | HoaS the Gargoyle Gladiator began the quest for the Orb.
     0 | D:1      | Reached XP level 1. HP: 12/12 MP: 1/1
   114 | D:1      | Reached XP level 2. HP: 18/18 MP: 2/2
   560 | D:2      | Reached XP level 3. HP: 9/22 MP: 3/3
   970 | D:2      | Reached skill level 4 in Unarmed Combat
  1024 | D:2      | Found a sparkling altar of Nemelex Xobeh.
  1235 | D:2      | Reached XP level 4. HP: 12/28 MP: 4/4
  1278 | D:2      | Found a glowing silver altar of Zin.
  1367 | D:1      | Slain by a gnoll

Illustrated notes

Levels and vault maps discovered:
D:1:      psy_arrival_dodecagon, layout_rooms
D:2:      layout_rooms, zin_treasury, nemelex_altar_shiori

Skill      XL: |  1  2  3 |
---------------+----------+-----
Unarmed Combat | 4 |  4.6
Fighting       | 3 |  3.3
Throwing       | |  1.7
Dodging        | |  2.4

Action                   |  1- 3 |  4- 6 || total
-------------------------+-------+-------++-------
Melee: Unarmed           |    89 |    30 ||   119
       Punch             |     1 |       ||     1
  Use: Scroll            |     9 |       ||     9
       Potion            |       |     1 ||     1
  Eat: Ration            |     1 |       ||     1
Armor: Scale mail        |    46 |       ||    46
       Chain mail        |     8 |    33 ||    41
Dodge: Dodged            |    56 |    34 ||    90

Table legend:
 A = Non-vault XP
 B = Vault XP
 C = Vault XP percentage of total XP
 D = Non-vault monster count
 E = Vault monster count
 F = Vault count percentage of total count
                 A         B        C        D         E       F
            +---------+---------+-------+---------+---------+-------
      Total |     130 |       0 |   0.0 |      34 |       0 |   0.0
            +---------+---------+-------+---------+---------+-------
        D:1 |      34 |       0 |   0.0 |      13 |       0 |   0.0
        D:2 |      96 |       0 |   0.0 |      21 |       0 |   0.0
            +---------+---------+-------+---------+---------+-------
